AoeStats
← 公鸡神探

Black Forest

505401740Analyzed
4v4 RM · 24d ago on Sep 9, 2026· 46m 24s· 8 players
Game mode
Random Map
Map size
Large (8 player)
Population
200
Speed
Normal
Resources
Standard
Victory
Conquest
Starting age
Dark Age
Ending age
Imperial Age
RankedLock teamsTeams togetherTeam positionsShared explorationLock speedFull tech treeHidden civsTurbo modeCheats
Victory
Defeat
🇨🇳 Sicilians · China
1184
+10
🇨🇳 Tatars · China
1168
+10
🇨🇳 Persians · China
1147
+11
🇻🇳 Romans · Vietnam
905
+20
🇮🇳 Britons · India
1046
-13
🇨🇳 Bohemians · China
1032
-13
🇲🇽 Franks · Mexico
1026
-13
🇨🇦 Ethiopians · Canada
1000
-12
HwYe
9:36 Feudal Age
11:34 Loom
13:04 Double-Bit Axe
17:09 Castle Age
15:10 Horse Collar
18:25 Bow Saw
19:05 Heavy Plow
31:31 Imperial Age
28:44 Treadmill Crane
30:25 Chemistry
30:13 Wheelbarrow
29:23 Town Watch
32:00 Hand Cart
31:46 Town Patrol
32:03 Forging
31:53 Scale Mail Armor
31:45 Pikeman
32:25 Squires
32:11 Arson
33:10 Ballistics
33:49 Halberdier
35:47 Conscription
37:15 Siege Engineers
39:30 Two-Man Saw
39:34 Iron Casting
39:14 Chain Mail Armor
39:44 Houfnice
614Superdry
8:41 Loom
11:10 Feudal Age
13:09 Double-Bit Axe
14:18 Gold Mining
16:35 Fletching
20:24 Castle Age
20:16 Padded Archer Armor
20:46 Crossbowman
21:31 Thumb Ring
25:36 Bodkin Arrow
29:46 Leather Archer Armor
31:45 Bow Saw
34:31 Gold Shaft Mining
40:24 Imperial Age
38:37 Wheelbarrow
38:46 Stone Mining
40:08 Squires
39:53 Arson
40:25 Forging
40:15 Scale Mail Armor
41:03 Ballistics
42:29 Chemistry
42:36 Arbalester
43:18 Bracer
44:27 Conscription
[GDL] DannX
0:45 Loom
10:57 Feudal Age
15:29 Fletching
32:07 Castle Age
31:06 Scale Barding Armor
31:12 Forging
36:15 Double-Bit Axe
43:00 Imperial Age
40:54 Husbandry
43:29 Chain Barding Armor
43:44 Iron Casting
43:49 Gold Mining
45:20 Cavalier
Doji
0:38 Loom
11:31 Feudal Age
17:20 Castle Age
32:13 Imperial Age
29:50 Fletching
30:01 Padded Archer Armor
31:19 Bodkin Arrow
31:40 Leather Archer Armor
32:10 Pikeman
33:02 Bracer
33:32 Ring Archer Armor
33:34 Halberdier
34:31 Double-Bit Axe
34:36 Gold Mining
35:21 Gambesons
35:22 Arson
35:38 Squires
35:40 Scale Mail Armor
36:23 Conscription
36:13 Capped Ram
36:45 Horse Collar
38:02 Caravan
39:02 Chain Mail Armor
39:51 Bow Saw
40:19 Heavy Scorpion
41:24 Forging
42:59 Plate Mail Armor
phihanoi
0:39 Loom
12:24 Feudal Age
13:16 Double-Bit Axe
15:32 Wheelbarrow
15:18 Padded Archer Armor
15:09 Fletching
18:17 Horse Collar
23:22 Castle Age
28:36 Bow Saw
30:07 Fortified Wall
30:39 Hand Cart
32:39 Gold Mining
36:39 Imperial Age
36:28 Gold Shaft Mining
36:22 Elite Skirmisher
37:05 Bodkin Arrow
37:25 Leather Archer Armor
37:21 Forging
40:04 Capped Ram
41:14 Town Watch
42:16 Siege Ram
44:25 Ring Archer Armor
44:30 Iron Casting
45:24 Man-at-Arms
公鸡神探
9:32 Loom
11:18 Feudal Age
12:39 Double-Bit Axe
15:16 Castle Age
15:14 Forging
15:11 Scale Barding Armor
14:53 Horse Collar
15:35 Bloodlines
16:25 Gold Mining
30:45 Bow Saw
33:46 Imperial Age
32:45 Husbandry
32:39 Fletching
32:49 Padded Archer Armor
33:13 Ballistics
33:47 Heavy Plow
34:24 Wheelbarrow
33:56 Silk Armor
34:14 Heavy Cavalry Archer
36:04 Bodkin Arrow
36:25 Leather Archer Armor
37:03 Gold Shaft Mining
37:45 Conscription
37:49 Timurid Siegecraft
38:36 Bracer
39:50 Chemistry
39:04 Stone Mining
40:04 Ring Archer Armor
39:11 Light Cavalry
42:56 Siege Engineers
43:00 Hussar
44:17 Chain Barding Armor
无甲的joe
1:14 Loom
9:19 Feudal Age
16:14 Forging
16:32 Fletching
17:01 Double-Bit Axe
19:17 Horse Collar
27:48 Castle Age
26:11 Gold Mining
30:20 Bow Saw
33:03 Stone Mining
33:49 Gold Shaft Mining
36:21 Imperial Age
34:27 Wheelbarrow
34:34 Wheelbarrow
34:39 Heavy Plow
35:47 Stone Shaft Mining
36:04 Scale Mail Armor
36:15 Forging
37:21 Squires
37:06 Arson
37:41 Elite Serjeant
38:42 Conscription
37:49 Elite Serjeant
39:22 Chain Mail Armor
39:42 Iron Casting
39:48 First Crusade
39:58 Hand Cart
40:35 Plate Mail Armor
44:32 Crop Rotation
45:33 Blast Furnace
秋风中的叶
6:53 Loom
13:09 Feudal Age
19:31 Castle Age
18:09 Double-Bit Axe
18:07 Horse Collar
19:12 Gold Mining
19:14 Stone Mining
19:33 Scale Barding Armor
19:38 Forging
19:42 Bloodlines
21:00 Heavy Plow
27:45 Fervor
29:50 Wheelbarrow
33:23 Imperial Age
32:17 Hand Cart
31:48 Town Watch
32:15 Bow Saw
32:42 Gold Shaft Mining
32:45 Stone Shaft Mining
33:06 Chain Barding Armor
33:21 Iron Casting
32:37 Fletching
33:30 Husbandry
32:51 Light Cavalry
33:56 Caravan
34:37 Conscription
35:14 Plate Barding Armor
34:35 Elite War Elephant
36:42 Blast Furnace
36:33 Hoardings
36:03 Bodkin Arrow
38:39 Chemistry
38:01 Ballistics
38:14 Masonry
38:00 Murder Holes
37:36 Elite Skirmisher
38:22 Thumb Ring
38:19 Padded Archer Armor
38:40 Citadels
38:53 Capped Ram
40:18 Leather Archer Armor
41:47 Two-Man Saw
41:47 Crop Rotation
43:17 Ring Archer Armor
43:58 Crossbowman
44:40 Kamandaran
44:39 Hussar
46:43 Architecture
Connection lost

Rejoining the realm…

Still unreachable

The connection could not be restored.

Session expired

The server has moved on; the page needs a fresh start.